 Dungeon Crawl Stone Soup version 0.32-a0-834-geaf45d8e21 (webtiles) character file.

Game seed: 6358168821235832346

3316 jasper the Severer (level 9, -5/102 HPs)
             Began as a Mountain Dwarf Gladiator on Mar 25, 2024.
             Was a High Priest of Elyvilon.
             Slain by a two-headed ogre
             ... wielding a +0 giant club
              (19 damage)
             ... on level 8 of the Dungeon.
             The game lasted 00:09:15 (7650 turns).

jasper the Severer (Mountain Dwarf Gladiator)       Turns: 7650, Time: 00:09:16

Health: -5/102     AC: 13    Str: 22    XL:     9   Next: 71%
Magic:  10/10      EV:  8    Int:  8    God:    Elyvilon [*****.]
Gold:   316        SH:  0    Dex: 11    Spells: 8/8 levels left

rFire   + . .        a - +0 war axe (elec)
rCold   + . .        (no shield)
rNeg    . . .        o - +0 chain mail
rPois   .            c - +2 helmet
rElec   .            (no cloak)
rCorr   .            (no gloves)
SInv    .            (no boots)
Will    .....        E - amulet of the acrobat Stlth
                     g - ring of protection from fire
HPRegen 0.37/turn    k - ring of protection from cold
MPRegen 0.12/turn

%: acrobat
@: berserking, very quick
A: runic magic, artefact enchanting, iridescent scales 1, screaming 1
a: Renounce Religion, Purification, Heal Other, Heal Self, Divine Vigour


You were on level 8 of the Dungeon.
You worshipped Elyvilon.
Elyvilon was extremely pleased with you.
You visited 1 branch of the dungeon, and saw 8 of its levels.

You collected 316 gold pieces.

Inventory:

Hand Weapons
 a - a +0 war axe of electrocution (weapon)
Missiles
 d - 4 throwing nets
 e - a javelin
 f - 59 stones (quivered)
Armour
 b - a +0 leather armour
 c - a +2 helmet (worn)
 o - a +0 chain mail (worn)
 z - a +1 helmet
Jewellery
 g - a ring of protection from fire (left hand)
 k - a ring of protection from cold (right hand)
 m - an amulet of guardian spirit
 v - a ring of willpower
 E - an amulet of the acrobat (around neck)
 G - an amulet of magic regeneration
 I - a ring of positive energy
Wands
 C - a wand of iceblast (11)
Scrolls
 i - a scroll of vulnerability
 j - 3 scrolls of teleportation
 l - a scroll of blinking
 n - a scroll of torment
 p - 2 scrolls of noise
 q - a scroll of immolation
 y - 3 scrolls of amnesia
 A - a scroll of enchant armour
 H - 3 scrolls of revelation
Potions
 h - a potion of magic
 r - 2 potions of enlightenment
 s - 2 potions of mutation
 t - a potion of curing
 w - 2 potions of brilliance {unknown}
 x - a potion of might {unknown}
 B - a potion of attraction {unknown}
 D - 2 potions of heal wounds {unknown}
 F - a potion of cancellation {unknown}


   Skills:
 + Level 2.6 Fighting
 - Level 16.0 Axes
 - Level 1.5 Throwing
 + Level 1.2 Armour
 + Level 2.4 Dodging
 * Level 2.4 Invocations


You had 8 spell levels left.
You didn't know any spells.
Your spell library contained the following spells:

 Spells                   Type           Power      Damage    Failure   Level
 Magic Dart               Conj           0%         1d3       56%         1
 Searing Ray              Conj           0%         2d4       71%         2
 Dazzling Flash           Conj/Hex       0%         N/A       91%         3
 Hailstorm                Conj/Ice       0%         3d5       91%         3
 Mephitic Cloud           Conj/Alch/Air  0%         N/A       91%         3
 Summon Ice Beast         Ice/Summ       0%         N/A       91%         3
 Volatile Blastmotes      Fire/Tloc      0%         2d10      91%         3
 Fulminant Prism          Conj/Alch      0%         3d5       100%        4
 Iskenderun's Mystic Bla  Conj/Tloc      0%         2d3       100%        4
 Curse of Agony           Necr           0%         N/A       100%        5
 Silence                  Hex/Air        0%         N/A       100%        5
 Permafrost Eruption      Ice/Erth       0%         2x4d2     100%        6
 Sculpt Simulacrum        Ice/Alch       0%         N/A       100%        6


Dungeon Overview and Level Annotations

Branches:
Dungeon (8/15)             Temple (0/1) D:5
   Lair: D:8-11

Altars:
Ashenzari
Elyvilon
Fedhas
Nemelex Xobeh
Ru
Trog
Wu Jian


Innate Abilities, Weirdness & Mutations

Your spellcasting is much less encumbered by armour.
You can use scrolls of enchantment on lesser artefacts.
You are partially covered in iridescent scales. (AC +2)
You occasionally shout uncontrollably at your foes.


Message History

The two-headed ogre is lightly wounded.
You hear a bellow!
You hit the two-headed ogre but do no damage.
Lightning courses through the two-headed ogre!
The two-headed ogre is heavily wounded.
The two-headed ogre hits you with a +0 giant club.
The two-headed ogre barely misses you.
You take 6 damage, and have 62/68 hp.
You hit the two-headed ogre.
The two-headed ogre is heavily wounded.
You hit the two-headed ogre.
The two-headed ogre is heavily wounded.
The two-headed ogre hits you with a +0 giant club!
The two-headed ogre hits you with a +0 giant club!!
You take 31 damage, and have 31/68 hp.
MASSIVE DAMAGE!!
You hit the two-headed ogre but do no damage.
The two-headed ogre is heavily wounded.
A red film seems to cover your vision as you go berserk!
You feel yourself moving faster!
You feel mighty! The two-headed ogre closely misses you.
The two-headed ogre hits you with a +0 giant club!!
* * * LOW HITPOINT WARNING * * *
You now have 30/102 hp.
You barely miss the two-headed ogre.
The two-headed ogre is heavily wounded.
You slash the two-headed ogre!
The two-headed ogre is severely wounded.
The two-headed ogre hits you with a +0 giant club!
* * * LOW HITPOINT WARNING * * *
The two-headed ogre hits you with a +0 giant club!
Elyvilon protects you from harm!
You take 17 damage, and have 13/102 hp.
You slash the two-headed ogre!
The two-headed ogre is almost dead.
You barely miss the two-headed ogre.
The two-headed ogre is almost dead.
You barely miss the two-headed ogre.
The two-headed ogre is almost dead.
The two-headed ogre hits you with a +0 giant club!!
You die...

########.####.##.
#.............##.
#.######.###.....
#.# #.##......
#.# #......)..
#.# ######.#..
#.# #.### ##.##
#.# #@..# ##'##
#O#.# ##...##
#...# ##.....#
#.##. ##.......
#.# .. #........
... .. +........
#.# ..# #........
### ##.......
##.....#


You could see a two-headed ogre.

Vanquished Creatures
  A kobold demonologist (D:6)
  Prince Ribbit (D:5)
  Sigmund (D:2)
  A wyvern (D:7)
  A shadow (D:7)
  Menkaure (D:7)
  A water moccasin (D:5)
  4 ice beasts
  A sky beast (D:7)
  A black bear (D:6)
  A centaur (D:6)
  2 ogres
  3 phantoms
  A gnoll sergeant (D:7)
  4 scorpions
  3 wights (D:8)
  A howler monkey (D:6)
  A bombardier beetle (D:3)
  4 orc priests
  2 hounds (D:7)
  2 iguanas
  2 gnoll boudas
  2 orc wizards
  11 gnolls
  7 adders
  2 shadow imps
  A white imp (D:7)
  4 ufetubi
  2 dart slugs (D:2)
  2 ribbon worms
  13 orcs
  6 endoplasms
  11 goblins
  5 hobgoblins
  6 kobolds
  4 quokkas
  3 ball pythons
  7 bats
  4 frilled lizards
  6 rats
135 creatures vanquished.

Notes
Turn   | Place    | Note
-------+----------+-------------------------------------------
     0 | D:1      | jasper the Mountain Dwarf Gladiator began the quest for the
                  | Orb.
     0 | D:1      | Reached XP level 1. HP: 17/17 MP: 1/1
   155 | D:1      | Reached skill level 4 in Axes
   207 | D:1      | Reached XP level 2. HP: 24/24 MP: 2/2
   864 | D:1      | Reached skill level 5 in Axes
  1175 | D:2      | Reached XP level 3. HP: 29/29 MP: 3/3
  1197 | D:2      | Found a white marble altar of Elyvilon.
  1250 | D:2      | Became a worshipper of Elyvilon the Healer
  1522 | D:2      | Noticed Sigmund
  1532 | D:2      | Killed Sigmund
  1533 | D:2      | Reached skill level 7 in Axes
  1533 | D:2      | Reached XP level 4. HP: 27/36 MP: 4/4
  1533 | D:2      | Reached XP level 5. HP: 31/41 MP: 5/5
  1690 | D:2      | Reached * piety under Elyvilon
  2278 | D:3      | Found a faded altar of an unknown god.
  2511 | D:3      | Reached ** piety under Elyvilon
  2599 | D:3      | Found a blossoming altar of Fedhas.
  2605 | D:3      | Reached skill level 8 in Axes
  2605 | D:3      | Reached XP level 6. HP: 48/48 MP: 6/6
  3278 | D:4      | Reached skill level 9 in Axes
  3387 | D:4      | Found an ornate altar of the Wu Jian Council.
  3413 | D:4      | Found a bloodstained altar of Trog.
  3426 | D:4      | Found a sacrificial altar of Ru.
  3512 | D:4      | Found a sparkling altar of Nemelex Xobeh.
  3570 | D:4      | Found a white marble altar of Elyvilon.
  3852 | D:5      | Entered Level 5 of the Dungeon
  3852 | D:5      | Reached *** piety under Elyvilon
  3879 | D:5      | Noticed a water moccasin
  3899 | D:5      | Killed a water moccasin
  4004 | D:5      | Noticed an ice beast
  4013 | D:5      | Reached XP level 7. HP: 52/55 MP: 7/7
  4021 | D:5      | Reached skill level 10 in Axes
  4238 | D:5      | Noticed Prince Ribbit
  4261 | D:5      | Killed Prince Ribbit
  4262 | D:5      | Reached skill level 11 in Axes
  4262 | D:5      | Reached XP level 8. HP: 29/61 MP: 8/8
  4569 | D:5      | Reached skill level 12 in Axes
  4619 | D:5      | Found a staircase to the Ecumenical Temple.
  4915 | D:6      | Noticed a kobold demonologist
  4917 | D:6      | Found a broken altar of Ashenzari.
  4925 | D:6      | Noticed a rust devil
  4926 | D:6      | Killed a kobold demonologist
  4950 | D:6      | Reached skill level 13 in Axes
  5204 | D:6      | Reached skill level 14 in Axes
  5373 | D:6      | Reached XP level 9. HP: 63/67 MP: 9/9
  5431 | D:6      | Reached **** piety under Elyvilon
  5666 | D:6      | Gained mutation: You occasionally shout uncontrollably at
                  | your foes. [potion of mutation]
  5666 | D:6      | Gained mutation: You are partially covered in iridescent
                  | scales. (AC +2) [potion of mutation]
  6280 | D:7      | Reached skill level 15 in Axes
  6967 | D:7      | Noticed Menkaure
  6978 | D:7      | Killed Menkaure
  6979 | D:7      | Reached skill level 16 in Axes
  7401 | D:8      | Reached skill level 1 in Invocations
  7528 | D:8      | Reached skill level 1 in Armour
  7540 | D:8      | Reached ***** piety under Elyvilon
  7637 | D:8      | Noticed a two-headed ogre
  7647 | D:8      | Elyvilon protects you from harm!
  7650 | D:8      | Slain by a two-headed ogre

Illustrated notes

Levels and vault maps discovered:
D:1:      amcnicky_arrival_double_pillar, layout_basic, minmay_misc_feat_five
D:2:      cheibrodos_old_hovel, layout_loops_ring, basic_altar, uniq_sigmund
D:3:      layout_basic, fedhas_altar_1, shapermc_ecumenical_altar_mp_ritualfount
D:4:      layout_rooms, nicolae_wu_jian_immortal_techniques,
          nicolae_overflow_quartered_altars, hangedman_decor_opposing,
          interstate_on_off, minmay_stone_trees_small
D:5:      layout_basic, temple_hall, minmay_fractal_squares_diagonal_5,
          uniq_prince_ribbit1
D:6:      layout_loops_ring, mainiacjoe_overflow_boulevard,
          grunt_decor_arrowhead
D:7:      layout_loops_corners, uniq_menkaure
D:8:      layout_loops_corners, chequers_serial_rivers_large_a,
          nicolae_nh_oracle_at_delphi

Skill      XL: |  1  2  3  4  5  6  7  8  9 |
---------------+----------------------------+-----
Axes           | 4 5 7 8 9 11 14 16 | 16.0
Invocations    | 2 |  2.4
Armour         | 1 |  1.2
Fighting       | |  2.6
Throwing       | |  1.5
Dodging        | |  2.4

Action                     |  1- 3 |  4- 6 |  7- 9 || total
---------------------------+-------+-------+-------++-------
  Melee: War axe           |    63 |   130 |   247 ||   440
  Throw: Stone             |     3 |       |       ||     3
         Throwing net      |     1 |     3 |       ||     4
         Javelin           |     1 |     1 |       ||     2
  Evoke: Wand              |       |       |     1 ||     1
    Use: Scroll            |     5 |     6 |     6 ||    17
         Potion            |       |       |     3 ||     3
   Stab: Held in net/web   |       |     1 |       ||     1
 Armour: Leather armour    |    41 |     8 |       ||    49
         Chain mail        |       |    96 |   172 ||   268
  Dodge: Dodged            |    41 |    42 |    81 ||   164

Table legend: (Time is in decaauts)
 A = Elapsed time spent in this place.
 B = Non-inter-level travel time spent in this place.
 C = Inter-level travel time spent in this place.
 D = Time resting spent in this place.
 E = Time spent auto-exploring this place.
 F = Levels seen in this place.
 G = Mean time per level.
                   A        B        C        D        E       F      G
               +--------+--------+--------+--------+--------+-----+--------+
         Total |   7635 |   7365 |    270 |    571 |   5613 |   8 |  954.4 |
       Dungeon |   7635 |   7365 |    270 |    571 |   5613 |   8 |  954.4 |
               +--------+--------+--------+--------+--------+-----+--------+

Top non-repeatable levels by time:
     D:7: 1268 daAuts
     D:1: 1183 daAuts
     D:6: 1104 daAuts
     D:5: 1060 daAuts
     D:2: 949 daAuts
     D:3: 897 daAuts
     D:4: 857 daAuts
     D:8: 314 daAuts
